 Dungeon Crawl Stone Soup version 0.27.1-16-g815e20cd7a (webtiles) character file.

Game seed: 4495781802523655370

7 bearlyready the Charlatan (level 2, -2/21 HPs)
             Began as a Human Artificer on Nov 21, 2021.
             Slain by a jackal (3 damage)
             ... on level 1 of the Dungeon.
             The game lasted 00:01:10 (348 turns).

bearlyready the Charlatan (Human Artificer)          Turns: 348, Time: 00:01:10

Health: -2/21      AC:  3    Str: 12    XL:     2   Next: 5%
Magic:  2/2        EV: 11    Int: 11    God:
Gold:   0          SH:  0    Dex: 13    Spells: 1/1 levels left

rFire    . . .     SeeInvis .   a - +0 club
rCold    . . .     Faith    .   (no shield)
rNeg     . . .     Spirit   .   b - +0 leather armour
rPois    .         Reflect  .   (no helmet)
rElec    .         Harm     .   (no cloak)
rCorr    .         Rampage  .   (no gloves)
Will     .....                  (no boots)
Stlth    +.........             (no amulet)
HPRegen  0.07/turn              (no ring)
MPRegen  0.08/turn              (no ring)

@: no status effects
A: no striking features
a: no special abilities


You were on level 1 of the Dungeon.
You visited 1 branch of the dungeon, and saw 1 of its levels.

Inventory:

Hand Weapons
 a - a +0 club (weapon)
Armour
 b - a +0 leather armour (worn)
Wands
 c - a wand of flame (15)
 d - a wand of charming (11)
Miscellaneous
 e - a piece from Xom's chessboard (11/15) (quivered)


   Skills:
 + Level 1.5 Fighting
 - Level 2.0 Armour
 - Level 1.0 Dodging
 - Level 1.0 Stealth
 + Level 3.2 Evocations


You had one spell level left.
You didn't know any spells.
Your spell library was empty.

Dungeon Overview and Level Annotations

Branches:
Dungeon (1/15)

Altars:


Message History

The jackal bites you but does no damage.
There is an open door here.
Aiming: Charm
Press: ? - help, Shift-Dir - straight line, f - jackal
Aim: a jackal (chance to affect: 72%)
The jackal is charmed.
The jackal bites you but does no damage.
Your jackal completely misses the jackal.
The giant cockroach misses your jackal.
Your jackal bites the jackal but does no damage.
The giant cockroach barely misses your jackal.
The jackal barely misses you.
Non-targeted evoke: piece from Xom's chessboard (12/15)
Press: ? - help, Q - select action, (/) - cycle Dir - look around, f - activate You make a move on Xom's chessboard...
The giant cockroach appears confused.
Your jackal misses the jackal.
The giant cockroach falls into the water!
The giant cockroach drowns.
The jackal bites you.
* * * LOW HITPOINT WARNING * * *
Your jackal closely misses the jackal.
You have reached level 2!
You closely miss the jackal. The jackal misses you.
Your jackal bites the jackal.
The jackal barely misses you.
Your jackal bites the jackal.
You hit the jackal.
The jackal is severely wounded.
The jackal bites you.
* * * LOW HITPOINT WARNING * * *
Your jackal barely misses the jackal.
The jackal bites you but does no damage.
You miss the jackal.
The jackal is severely wounded.
Your jackal misses the jackal.
The jackal bites you but does no damage.
Your jackal barely misses the jackal.
The jackal barely misses you.
You hit the jackal.
The jackal is severely wounded.
Your jackal barely misses the jackal.
The jackal bites you.
You die...

#..#. ..... #≈# ....#
#≈# ....# ##≈#
....######.≈##+###+###
...h.......≈≈#.#.....#.#
.........#.≈≈#.#..#..#.#
.........#.≈≈#.#..#..#.#
###......÷..)'hh@8#8.+.+
#......##≈≈#.#..#..#.#
#......##≈≈#.#..#..#.#
##......#≈≈#.#.....#.#
#.......≈##+###'###'##
.........≈# +.....'..#
.#......#.≈# #######.<#
....>....≈# ####


You could see a jackal (ally target) and a friendly jackal (charmed).

Vanquished Creatures
  A giant cockroach (D:1)
  A goblin (D:1)
  A hobgoblin (D:1)
  A jackal (D:1)
  A kobold (D:1)
5 creatures vanquished.

Vanquished Creatures (collateral kills)
  An endoplasm (D:1)
1 creature vanquished.

Vanquished Creatures (others)
  A ball python (D:1)
  2 hobgoblins (D:1)
  A fungus (D:1)
  2 toadstools (D:1)
6 creatures vanquished.

Grand Total: 12 creatures vanquished

Notes
Turn   | Place    | Note
-------+----------+-------------------------------------------
     0 | D:1      | bearlyready the Human Artificer began the quest for the
                  | Orb.
     0 | D:1      | Reached XP level 1. HP: 15/15 MP: 1/1
   345 | D:1      | Reached XP level 2. HP: 2/21 MP: 2/2
   346 | D:1      | HP: 1/21 [jackal (1)]
   348 | D:1      | Slain by a jackal

Illustrated notes

Levels and vault maps discovered:
D:1:      heliophobic_arrival_glass_houses, layout_rooms, st_stairs_1,
          minmay_gold_behind_fungi

Action                   || total
-------------------------++-------
Melee: Club              ||    33
Evoke: Wand              ||     4
       Piece from Xom's  ||     4
Armor: Leather armour    ||    12
Dodge: Dodged            ||    33
